 Dungeon Crawl Stone Soup version 0.26-a0-1026-g544776af23 (webtiles) character file.

Game seed: 11855491539796755196

14321 lunkers the Cleaver (level 11, -27/171 HPs)
             Began as a Deep Dwarf Berserker on Dec 9, 2020.
             Was a Priest of Trog.
             Killed from afar by a frost giant (47 damage)
             ... with a bolt of cold
             ... in an ice cave.
             The game lasted 00:20:36 (9187 turns).

lunkers the Cleaver (Deep Dwarf Berserker)          Turns: 9187, Time: 00:20:36

Health: -27/171    AC: 15    Str: 31    XL:     11   Next: 87%
Magic:  10/10      EV:  8    Int:  7    God:    Trog [***...]
Gold:   778        SH:  5    Dex: 12    Spells: 10/10 levels left

rFire    . . .     SeeInvis .   o - +3 hand axe (flame)
rCold    . . .     Faith    .   (no shield)
rNeg     . . .     Spirit   .   E - +0 plate armour
rPois    .         Reflect  +   (no helmet)
rElec    .         Harm     .   l - +0 cloak
rCorr    +         Rampage  .   (no gloves)
Will     +....                  n - +2 pair of boots {run}
Stlth    ..........             V - amulet of reflection
HPRegen  0.00/turn              u - ring of resist corrosion
MPRegen  0.12/turn              w - +6 ring of strength

@: berserking, non-regenerating, very quick
A: damage resistance, heal wounds, sense surroundings 2, no regeneration
a: Heal Wounds, Berserk, Trog's Hand, Renounce Religion


You were in an ice cave.
You worshipped Trog.
Trog was most pleased with you.
You visited 2 branches of the dungeon, and saw 11 of its levels.
You also visited: Sewer and Ice Cave.

You collected 778 gold pieces.

Inventory:

Hand Weapons
 a - a +0 hand axe
 o - a +3 hand axe of flaming (weapon)
 A - a +0 battleaxe
Missiles
 S - 5 curare-tipped darts
Armour
 l - a +0 cloak (worn)
 n - a +2 pair of boots of running (worn)
 E - a +0 plate armour (worn)
Jewellery
 u - a ring of resist corrosion (left hand)
 w - a +6 ring of strength (right hand)
 y - the ring "Pookhak" {Fire rN+ Str+4}
   (You found it on level 4 of the Dungeon)

   [ring of fire]

   It enhances your fire magic.
   It affects your strength (+4).
   It protects you from fire.
   It makes you vulnerable to cold.
   It protects you from negative energy.
 M - an uncursed amulet of the acrobat
 V - an amulet of reflection (around neck)
Wands
 j - a wand of flame (31)
 q - a wand of digging (3)
 B - a wand of iceblast (9)
 C - a wand of random effects (26)
 D - a wand of disintegration (17)
 R - a wand of paralysis (6)
Scrolls
 c - 2 scrolls of magic mapping {unknown}
 f - 3 scrolls of enchant weapon
 i - a scroll of noise {unknown}
 k - 9 scrolls of teleportation
 m - 5 scrolls of remove curse
 p - a scroll of random uselessness {unknown}
 r - 4 scrolls of blinking {unknown}
 s - 3 scrolls of fog
 v - 3 scrolls of amnesia {unknown}
 F - 2 scrolls of fear
 J - 4 scrolls of immolation
 Q - a scroll of enchant armour {unknown}
 T - a scroll of summoning {unknown}
 U - a scroll of acquirement {unknown}
Potions
 d - 3 potions of might
 g - 5 potions of lignification
 h - 3 potions of heal wounds
 t - 2 potions of invisibility
 x - a potion of haste
 z - 4 potions of mutation
 G - 6 potions of flight
 H - a potion of resistance
 L - a potion of attraction
 N - 3 potions of curing
Miscellaneous
 b - a tin of tremorstones (2/2)


   Skills:
 + Level 12.0 Fighting
 - Level 14.0 Axes
 - Level 2.1 Armour
 - Level 2.1 Dodging
 + Level 8.2 Evocations


You had 10 spell levels left.
You didn't know any spells.
Your spell library was empty.

Dungeon Overview and Level Annotations

Branches:
Dungeon (10/15)            Temple (0/1) D:7            Lair (1/6) D:9
  Sewer (visited)           IceCv (1/1)
    Orc: D:9-12

Altars:
Dithmenos
Elyvilon
Kikubaaqudgha
Makhleb
Qazlal
Ru
Yredelemnul
The Shining One


Innate Abilities, Weirdness & Mutations

You are resistant to damage.
You can heal yourself by infusing magical energy.
You passively map the area around you.
You do not regenerate.


Message History

You hear a howl!
Unknown command.
You slash the frost giant! You burn the frost giant.
The frost giant is severely wounded.
You hear a bellow!
Unknown command.
You slash the frost giant! You burn the frost giant.
The frost giant is severely wounded.
The frost giant casts a spell at you. The bolt of cold hits you!!!
* * * LOW HITPOINT WARNING * * *
You hear a bellow!
You completely miss the frost giant.
The frost giant is severely wounded.
Unknown command.
You hit the frost giant. You burn the frost giant.
The frost giant is severely wounded.
The frost giant casts a spell at you. The bolt of cold hits you!!!
You die...

,, ** ,* * * , ,, ,, ≈
≈ ≈ , * , , * * ≈ , *
#, , * ≈ ≈ ,* , .. , *
* , ** ..Y, , ###### ≈
≈* , ...., *
###....### # * , .....
###...#....#######
#...#@...####.....#...
*#.C.#### ####....††
##### #######


You could see a frost giant.

Vanquished Creatures
  A two-headed ogre (D:8)
  An unseen horror (D:9)
  Pikel (D:8)
  An ice statue (IceCv)
  A black mamba (Lair:1)
  A gargoyle (D:10)
  A cane toad (Lair:1)
  A komodo dragon (Lair:1)
  2 ice devils (Lair:1)
  12 polar bears (IceCv)
  3 blink frogs (Lair:1)
  Grum (D:9)
  A basilisk (Lair:1)
  13 yaks
  4 water elementals (D:10)
  Eustachio (D:6)
  A steam dragon (D:8)
  Edmund (D:5)
  3 orc warriors
  2 sky beasts (D:8)
  A phantom (D:8)
  3 ogres
  An eye of draining (D:9)
  19 wolves
  4 centaurs
  2 lemures (D:8)
  2 big kobolds (D:9)
  3 bullfrogs
  2 scorpions
  7 killer bees
  A howler monkey (D:4)
  A centaur zombie (D:10)
  A jelly (D:7)
  A quasit (D:9)
  A centaur skeleton (D:9)
  4 hounds
  9 orc wizards
  2 orc priests
  A bullfrog skeleton (D:5)
  5 worker ants
  A hound skeleton (D:6)
  14 adders
  6 gnolls
  2 white imps
  6 ufetubi
  6 oozes
  2 adder skeletons
  2 adder zombies
  6 worms
  2 dart slugs
  8 leopard geckos
  29 orcs
  2 ball pythons
  14 bats
  6 giant cockroaches
  2 gnoll zombies (D:3)
  7 goblins
  8 hobgoblins
  10 jackals
  15 kobolds
  3 quokkas
  6 frilled lizards
  A leopard gecko zombie (D:5)
  11 rats
291 creatures vanquished.

Vanquished Creatures (others)
  2 plants (Lair:1)
2 creatures vanquished.

Grand Total: 293 creatures vanquished

Notes
Turn   | Place    | Note
-------+----------+-------------------------------------------
     0 | D:1      | lunkers the Deep Dwarf Berserker began the quest for the
                  | Orb.
     0 | D:1      | Reached XP level 1. HP: 20/20 MP: 1/1
   204 | D:1      | Reached XP level 2. HP: 16/27 MP: 2/2
   381 | D:1      | Reached skill level 4 in Axes
   810 | D:2      | Reached XP level 3. HP: 26/34 MP: 2/2
  1021 | D:2      | Reached ** piety under Trog
  1046 | D:2      | Identified a +2 pair of boots of running (You found it on
                  | level 2 of the Dungeon)
  1054 | D:2      | Reached XP level 4. HP: 37/42 MP: 3/3
  1067 | D:2      | Reached skill level 5 in Axes
  1357 | D:2      | Found a burning altar of Makhleb.
  1357 | D:2      | Noticed a balrug
  1542 | D:3      | Reached XP level 5. HP: 26/50 MP: 4/4
  1735 | D:3      | Reached skill level 6 in Axes
  1768 | D:3      | Found a basalt altar of Yredelemnul.
  1817 | D:3      | Reached *** piety under Trog
  1914 | D:3      | Found a glowing golden altar of the Shining One.
  2212 | D:4      | Reached XP level 6. HP: 43/57 MP: 5/5
  2320 | D:4      | Reached skill level 7 in Axes
  2514 | D:4      | Reached XP level 7. HP: 39/66 MP: 6/6
  2587 | D:4      | Got a pitted turquoise ring
  2707 | D:4      | Reached skill level 5 in Fighting
  2707 | D:4      | Reached skill level 8 in Axes
  2915 | D:5      | Entered Level 5 of the Dungeon
  2938 | D:5      | Noticed Edmund
  2972 | D:5      | Killed Edmund
  3094 | D:5      | Found a white marble altar of Elyvilon.
  3199 | D:5      | Reached XP level 8. HP: 55/75 MP: 7/7
  3200 | D:5      | Identified the ring "Pookhak" {Fire rN+ Str+4} (You found
                  | it on level 4 of the Dungeon)
  3407 | D:5      | Found a sacrificial altar of Ru.
  3556 | D:6      | Reached skill level 9 in Axes
  3569 | D:6      | Reached **** piety under Trog
  3722 | D:6      | Noticed Eustachio
  3767 | D:6      | Found a glowing drain.
  3779 | Sewer    | Entered a sewer
  4359 | D:6      | Killed Eustachio
  4360 | D:6      | Reached skill level 10 in Axes
  4596 | D:6      | Got a scorched silver amulet
  5314 | D:7      | Found a staircase to the Ecumenical Temple.
  5327 | D:7      | Identified the Tome of Confrontation and Stones
  5506 | D:8      | Noticed Pikel
  5527 | D:8      | Killed Pikel
  5528 | D:8      | Reached skill level 11 in Axes
  5528 | D:8      | Gained mutation: You passively map the area around you.
                  | [Deep Dwarf growth]
  5528 | D:8      | Reached XP level 9. HP: 71/86 MP: 8/8
  5579 | D:8      | Noticed a two-headed ogre
  5587 | D:8      | Killed a two-headed ogre
  5588 | D:8      | Reached skill level 12 in Axes
  6298 | D:9      | Found a shadowy altar of Dithmenos.
  6478 | D:9      | Reached XP level 10. HP: 62/96 MP: 9/9
  6581 | D:9      | Noticed Grum
  6590 | D:9      | Reached skill level 13 in Axes
  6595 | D:9      | Killed Grum
  6747 | D:9      | Found a staircase to the Lair.
  6770 | D:9      | Found a stormy altar of Qazlal.
  7000 | D:9      | Killed an unseen horror
  7129 | D:10     | Entered Level 10 of the Dungeon
  7129 | D:10     | Noticed a gargoyle
  7143 | D:10     | Killed a gargoyle
  7200 | D:10     | Identified the amulet of Xom's Passing Interest {RegenMP
                  | Int+2} (You found it on level 6 of the Dungeon)
  7375 | D:10     | Found an ancient bone altar of Kikubaaqudgha.
  7921 | D:10     | Reached skill level 14 in Axes
  7974 | D:10     | Reached skill level 10 in Fighting
  8255 | Lair:1   | Entered Level 1 of the Lair of Beasts
  8278 | Lair:1   | Reached XP level 11. HP: 92/110 MP: 10/10
  8393 | Lair:1   | Reached skill level 1 in Evocations
  8555 | Lair:1   | Found a frozen archway.
  8581 | IceCv    | Entered an ice cave
  8627 | IceCv    | Reached skill level 5 in Evocations
  9118 | IceCv    | Noticed a frost giant
  9187 | IceCv    | Killed from afar by a frost giant

Illustrated notes

Levels and vault maps discovered:
D:1:      tarquinn_simple_flora_water_d, layout_basic, serial_corexii_hall,
          chequers_hall_statues_y, corexii_hall_statues_i,
          kennysheep_decorative_pillar, serial_bayou_ford_a, minmay_pentomino_o2
D:2:      layout_loops_ring, makhleb_altar_promises_db, minmay_misc_feat_x,
          minmay_misc_feat_plants
D:3:      layout_basic, lemuel_zombie_altar_yredelemnul,
          nicolae_tso_swordbearing_angel
D:4:      layout_basic
D:5:      layout_cave_pools, elyvilon_altar_5, lemuel_coloured_pillars_altar,
          uniq_edmund
D:6:      layout_cave_pools, portal_sewer_entry_d, hex_tiny, uniq_eustachio
D:7:      layout_basic, minmay_temple_entry_offerings
D:8:      layout_loops_corners, uniq_pikel
D:9:      layout_loops_ring, grunt_dithmenos_smoke_and_mirrors,
          dpeg_oklobed_lair, grunt_qazlal_clouds, uniq_grum
D:10:     layout_grid_maze, basic_altar, nicolae_underground_beach
Lair:1:   layout_regular_city, portal_ice_cave_demonic_guard,
          grunt_forest_stairs_basic, grunt_megastairs_5, serial_bayou_shore_a
IceCv:    ice_cave_small_giant

Skill      XL: |  1  2  3  4  5  6  7  8  9 10 11 |
---------------+----------------------------------+-----
Fighting       | 3 4 5 7 8 10 12 | 12.0
Axes           | 4 5 6 7 8 11 12 14 | 14.0
Evocations     | 8 |  8.2
Armour         | |  2.1
Dodging        | |  2.1

Action                   |  1- 3 |  4- 6 |  7- 9 | 10-12 || total
-------------------------+-------+-------+-------+-------++-------
Melee: Hand axe          |   115 |   162 |   359 |   371 ||  1007
Invok: Trog's Hand       |       |     2 |    11 |    22 ||    35
       Berserk           |       |       |     5 |    11 ||    16
 Abil: Heal Wounds       |     2 |       |       |       ||     2
  Use: Scroll            |       |       |     4 |    16 ||    20
       Potion            |       |       |     1 |       ||     1
Armor: Animal skin       |    25 |    43 |     7 |       ||    75
       Chain mail        |       |       |    28 |       ||    28
       Plate armour      |       |       |   144 |   181 ||   325
Dodge: Dodged            |    76 |   108 |   158 |    92 ||   434
Block: Other             |       |       |       |    58 ||    58
       Reflection        |       |       |       |     1 ||     1

Table legend: (Time is in decaauts)
 A = Elapsed time spent in this place.
 B = Non-inter-level travel time spent in this place.
 C = Inter-level travel time spent in this place.
 D = Time resting spent in this place.
 E = Time spent auto-exploring this place.
 F = Levels seen in this place.
 G = Mean time per level.
                   A        B        C        D        E       F      G
               +--------+--------+--------+--------+--------+-----+--------+
         Total |   8589 |   8082 |    507 |     39 |   5790 |  13 |  660.7 |
       Dungeon |   7135 |   6628 |    507 |     25 |   5126 |  10 |  713.5 |
          Lair |    264 |    264 |      0 |      0 |     35 |   1 |  264.0 |
         Sewer |    640 |    640 |      0 |      0 |    445 |   1 |  640.0 |
      Ice Cave |    548 |    548 |      0 |     13 |    182 |   1 |  548.0 |
               +--------+--------+--------+--------+--------+-----+--------+

Top non-repeatable levels by time:
    D:10: 961 daAuts
     D:9: 824 daAuts
     D:1: 809 daAuts
     D:8: 730 daAuts
     D:3: 701 daAuts
     D:2: 670 daAuts
     D:6: 666 daAuts
   Sewer: 640 daAuts
     D:7: 639 daAuts
     D:4: 595 daAuts
   IceCv: 548 daAuts
     D:5: 538 daAuts
  Lair:1: 264 daAuts
